Match 47331969
Unlisted

Match 47331969
End
Pioneer Squad
Construct Infanterie Kompanie
Grenadier Squad
Grenadier Squad
MG 42 Machine Gun Team
Construct Luftwaffe Kompanie
Medical Station
Selects Breakthrough Battlegroup
Selects Breakthrough Battlegroup
Selects Assault Grenadiers
Selects Breakthrough
Flak 30 Anti-aircraft Gun Team
Luftwaffe Officer Quarters
Breakthrough
Flak 30 Anti-aircraft Gun Team
Selects Rapid Production
Selects Rapid Production
Jäger Squad
Support Elements
Construct Panzergrenadier Kompanie
Marder III M Tank Destroyer
Selects Blitzkrieg
Nebelwerfer 42 Rocket Launcher Team
Pioneer Squad
Nebelwerfer 42 Rocket Launcher Team
Panzergrenadier Officer Quarters
MG 42 Bunker
Jäger Squad
Selects Tiger Heavy Tank
Tiger Heavy Tank
BlueSkidrow™ Legion
aSIIWarbringer
Commander Z
Hanzawilhelm Longbowman of Crécy
0
0

Comments sign in to comment!

No comments posted yet!